 Dungeon Sprint DCSS version 0.32-a0-411-g744942f433 (webtiles) character file.

Game seed: 9105752020132053060

0 shadowstone the Trooper (level 1, 0/18 HPs)
             Began as a Coglin Fighter on Feb 20, 2024.
             Was an Initiate of Qazlal.
             Slain by Pikel
             ... wielding a +2 whip of electrocution
              (11 damage)
             ... in the Dungeon (Sprint VI: "Thunderdome").
             The game lasted 00:00:32 (33 turns).

shadowstone the Trooper (Coglin Fighter)              Turns: 33, Time: 00:00:35

Health: 0/18       AC:  6    Str: 16    XL:     1   Next: 30%
Magic:  1/1        EV:  8    Int:  7    God:    Qazlal [......]
Gold:   200        SH:  4    Dex: 13    Spells: 0/0 levels left

rFire   . . .        a - +0 long sword {Izel}
rCold   . . .        c - +0 buckler
rNeg    . . .        b - +0 scale mail
rPois   .            (no helmet)
rElec   .            (no cloak)
rCorr   .            (no gloves)
SInv    .            (no boots)
Will    .....        (no amulet) Stlth
                     (no ring)
HPRegen 0.23/turn    (no ring)
MPRegen 0.07/turn

%: no teleportation
@: immotile, revved
A: off-hand wielding, slow wielding, warmup strikes, legs shutdown
a: Renounce Religion


You were in the Dungeon.
You worshipped Qazlal.
Qazlal was noncommittal.
You visited 1 branch You collected 200 gold pieces.

Inventory:

Hand Weapons
 a - a +0 long sword (weapon) {Izel}
Armour
 b - a +0 scale mail (worn)
 c - a +0 buckler (worn)
Wands
 l - a wand of quicksilver (2) (quivered)
 m - a wand of iceblast (5)
Scrolls
 j - 4 scrolls of blinking
 n - 3 scrolls of fog
Potions
 d - a potion of might
 e - a potion of curing
 f - 4 potions of heal wounds
 g - 4 potions of haste
 h - 2 potions of magic
 i - a potion of berserk rage
 k - a potion of resistance


   Skills:
 + Level 3.1 Fighting
 + Level 2.0 Long Blades
 + Level 2.8 Armour
 + Level 2.6 Shields


You couldn't memorise any spells.
You didn't know any spells.
Your spell library was empty.

Dungeon Overview and Level Annotations

Branches:
Dungeon (1/1)

Altars:
Cheibriados
Dithmenos
Kikubaaqudgha
Makhleb
Okawaru
Qazlal
Trog
Xom
Yredelemnul

Shops:
D ??:(

Annotations:
D Pikel


Innate Abilities, Weirdness & Mutations

You can wield a second weapon in your off-hand.
It takes a long time for you to wield or remove held weapons.
Your first few attacks do less damage.
Attacking and casting redirects power from your legs.


Message History

You cannot move.
You cannot move.
You cannot move.
You cannot move.
What are your orders? t - Shout!
Orders for allies: a - Attack new target. r - Retreat! s - Stop attacking. g - Guard the area. f - Follow me.
Anything else - Cancel.
You shout for attention!
You are no longer unable to travel.
There is a stormy altar of Qazlal here.
You kneel at the altar of Qazlal.
Qazlal welcomes you!
Qazlal grants you and your divine allies immunity to clouds.
The bolt of dispelling energy hits Pikel!
Pikel is moderately wounded.
The bolt of dispelling energy misses Pikel.
The bolt of dispelling energy hits Pikel!
Pikel is heavily wounded.
You cannot move.
You cannot move.
You cannot move.
You closely miss Pikel.
Pikel is heavily wounded.
You block Pikel's attack. x2
You barely miss Pikel.
Pikel is heavily wounded.
Pikel hits you with a +2 whip of electrocution.
You hit Pikel.
Pikel is heavily wounded.
Pikel closely misses you.
You closely miss Pikel.
Pikel is heavily wounded.
Pikel hits you with a +2 whip of electrocution.
You are electrocuted!
Ouch! That really hurt!
You die...
Pikel says, "Another soul for the market."

##⌠⌠⌠## #.....#
##.....## ##∩.....∩##
#∩.......∩#
#_......._#
#........_#
#_....)..@#
###.......K.###
#⌠...........⌠#
###.ß.........ß.#
___......###......_
.......ß.# #.ß......
.........###.........
......###...###......
...... #.<.#


You could see Pikel.

Vanquished Creatures
  A goblin (D)
1 creature vanquished.

Notes
Turn   | Place    | Note
-------+----------+-------------------------------------------
     0 | D        | shadowstone the Coglin Fighter began the quest for the Orb.
     0 | D        | Reached XP level 1. HP: 18/18 MP: 1/1
     4 | D        | Found a shadowy altar of Dithmenos.
     4 | D        | Found a shimmering altar of Xom.
     5 | D        | Found an ancient bone altar of Kikubaaqudgha.
     5 | D        | Round 1.
     6 | D        | Found a basalt altar of Yredelemnul.
     6 | D        | Found an iron altar of Okawaru.
     7 | D        | Found a stormy altar of Qazlal.
     7 | D        | Found a snail-covered altar of Cheibriados.
     7 | D        | Found Komel's Magic Scroll Shop.
     7 | D        | Found Woth's Staff Store.
     8 | D        | Found Jokam's Magic Scroll Shop.
     8 | D        | Found Naphun's Must-Have Magic.
     9 | D        | Found a burning altar of Makhleb.
    16 | D        | Found a bloodstained altar of Trog.
    20 | D        | Noticed Pikel
    26 | D        | Became a worshipper of Qazlal Stormbringer
    33 | D        | Slain by Pikel

Illustrated notes

Levels and vault maps discovered:
D:        arena_sprint

Action                     || total
---------------------------++-------
  Melee: Long sword        ||     9
  Evoke: Wand              ||     3
 Armour: Scale mail        ||     8
  Dodge: Dodged            ||     1
  Block: Buckler           ||     4

Table legend: (Time is in decaauts)
 A = Elapsed time spent in this place.
 B = Non-inter-level travel time spent in this place.
 C = Inter-level travel time spent in this place.
 D = Time resting spent in this place.
 E = Time spent auto-exploring this place.
 F = Levels seen in this place.
 G = Mean time per level.
                   A        B        C        D        E       F      G
               +--------+--------+--------+--------+--------+-----+--------+
         Total |     35 |     33 |      2 |      0 |      0 |   1 |   35.0 |
       Dungeon |     35 |     33 |      2 |      0 |      0 |   1 |   35.0 |
               +--------+--------+--------+--------+--------+-----+--------+

Top non-repeatable levels by time:
       D: 35 daAuts
